 Dungeon Crawl Stone Soup version 0.31-a0-460-g9e667d4245 (webtiles) character file.

Game seed: 8334768114209916662

1752 kae the Mimic (level 8, -5/59 HPs)
             Began as a Grey Draconian Shapeshifter on Aug 4, 2023.
             Was a Believer of Ru.
             Killed by divine providence
             ... invoked by an orc priest
              (10 damage)
             ... on level 6 of the Dungeon.
             The game lasted 00:05:02 (6047 turns).

kae the Mimic (Grey Draconian Shapeshifter)         Turns: 6047, Time: 00:05:02

Health: -5/59      AC: 11    Str: 17    XL:     8   Next: 78%
Magic:  8/8        EV: 12    Int: 10    God:    Ru [**....]
Gold:   1317       SH:  0    Dex: 13    Spells: 7/7 levels left

rFire   . .          .
                       - Unarmed
rCold   . . .        (no shield)
rNeg    . . .        (body armour unavailable)
rPois   .            (helmet currently unavailable)
rElec   .            (cloak currently unavailable)
rCorr   .            (gloves currently unavailable)
SInv    .            (boots currently unavailable)
Will    .....        (no amulet)
Stlth   +            (no ring)
HPRegen 0.29/turn    (no ring)
MPRegen 0.11/turn

%: no passive effects
@: beast-form
A: beast (slay +5), AC +11, amphibious, unfitting armour, cold-blooded,
inability to use devices
a: Begin Untransformation, Renounce Religion


You were on level 6 of the Dungeon.
You worshipped Ru.
Ru was pleased with you.
You were a hulking beast.
You visited 2 branches of the dungeon, and saw 7 of its levels.

You collected 1317 gold pieces.


Innate Abilities, Weirdness & Mutations

You are a hulking beast.
Your limbs bulge with bestial killing power. (Slay +5)
Your dull iron-grey scales are very hard. (AC +11)
You are amphibious.
You cannot fit into any form of body armour.
You are cold-blooded and may be slowed by cold attacks.
You cannot study or use magical devices.


   Skills:
 - Level 1.1 Fighting
 - Level 1.7 Dodging
 - Level 7.0 Unarmed Combat
 * Level 8.5 Shapeshifting


You had 7 spell levels left.
You didn't know any spells.
Your spell library contained the following spells:

 Spells                   Type           Power      Damage    Failure   Level
 Kiss of Death            Conj/Necr      0%         2d5       36%         1
 Confusing Touch          Hex            0%         N/A       75%         3
 Cause Fear               Hex            0%         N/A       98%         4
 Dispel Undead            Necr           0%         3d6       98%         4
 Fireball                 Conj/Fire      0%         3d3       100%        5
 Dragon's Call            Summ           0%         N/A       100%        9

Inventory:

Missiles
 e - 42 stones
 h - 5 atropa-tipped darts
 i - 6 poisoned darts
 q - a throwing net {=f!f}
 r - 2 boomerangs
Jewellery
 E - a +5 ring of evasion
   (You found it on level 5 of the Dungeon)
 N - a ring of positive energy
   (You found it on level 5 of the Dungeon)
Talismans
 b - a beast talisman (active)
Wands
 l - a wand of light (4)
   (You found it on level 4 of the Dungeon)
Scrolls
 f - 3 scrolls of teleportation {@r4}
 j - a scroll of fear
 m - a scroll of identify {@r1}
 o - a scroll of poison {unknown}
 p - a scroll of amnesia {unknown}
Potions
 a - 2 potions of lignification {!q}
 c - 4 potions of degeneration {!q}
 d - a potion of mutation {unknown}
 g - 3 potions of haste {@q3}
 k - a potion of might
 n - 2 potions of ambrosia {unknown}

Dungeon Overview and Level Annotations

Branches:
Dungeon (6/15) Zot: 26694  Temple (1/1) D:4 Zot: 5989

Altars:
Ashenzari
Cheibriados
Dithmenos
Fedhas
Gozag
Hepliaklqana
Kikubaaqudgha
Nemelex Xobeh
Okawaru
Qazlal
Ru
Trog
Uskayaw
Vehumet
Wu Jian
Xom
Yredelemnul
Zin

Shops:
D:3 =

Annotations:
D:4 1 runed translucent door, Crazy Yiuf
D:6 Eustachio, Maggie, Pikel

#.####.♣.♣♣♣♣♣..♣...#
#.......♣♣...♣..♣#...##
#........♣._.♣.♣.#.....
#.....♣.♣♣...♣..♣# #...
#..<..♣♣..♣♣♣♣.♣♣####..
#.........♣oo.♣♣.......
#.......♣..♣.♣♣########
#.....c.o♣♣♣♣.# ##
#.....h..##.#o#### #.
#........##......# #.
#........###.###.## ##.
#.######## #o# #..###..
#.# #o####.#...# #.#
#...oo...### #.#
##†.##.### #.# #..##.#
#.# #.###o#


You could see an orc warrior, a centaur, an orc priest and an orc.


Message History

You kill the hound! 😕 HP[+1]
p - a scroll labelled NAUGHU JUYPN 😎 HP[+1]
Your hp is fully restored (59).
No target in view!
No target in view!
Eustachio the Magnificent comes into view.
He is wielding a +0 rapier.
Press: ? - help, v - describe, . - travel
Here: Eustachio, wielding a +0 rapier and wearing a +0 leather armour (asleep)
The floor.
Placed new exclusion.
n - 2 murky blue potions (gained 1)
e - 42 stones (gained 3)
An orc comes into view. It is wielding a +0 whip.
An orc is nearby!
Unknown command.
An orc is nearby!
An orc is nearby!
An orc warrior comes into view. It is wielding a +0 short sword.
The orc shouts!
You hear a shout! x3
An orc priest comes into view. It is wielding a +0 trident.
An orc comes into view. It is wielding a +0 flail.
The orc shouts! 2 orcs come into view.
The orc shouts! x2
An orc priest comes into view. It is wielding a +0 trident.
The orc moves out of view.
You barely miss the orc. You tail-slap the orc!
You kill the orc!
You closely miss the orc. You tail-slap the orc. The orc closely misses you.
There are monsters nearby!
You hit the orc.
The orc priest hits you but does no damage.
The orc barely misses you.
You punch the orc!
You kill the orc!
There are monsters nearby!
Pikel shouts!
You hear a shout!
The orc priest begins to cast a cantrip, but forgets the words!
The orc priest misses you.
Pikel says, "It's all about the gold, really."
Items here: )) [ ††.
You barely miss the orc priest.
The orc priest hits you with a +0 trident.
You focus your inner power and illuminate the orc priest in retribution! 😕 HP[-3]
You take 3 damage, and now have 56/59 hp.
You barely miss the orc priest.
The orc priest hits you from afar with a +0 trident.
The orc priest begins to pray, but is stunned by your conviction!
You hit the orc priest. The orc priest barely misses you.
The orc priest invokes the aid of Beogh against you.
Beogh smites you! 😮 HP[-14]
You take 14 damage, and now have 42/59 hp.
MASSIVE DAMAGE!! (PAUSE)
The orc priest mumbles some strange prayers to Beogh against you.
Beogh smites you!
The orc priest hits you from afar with a +0 trident.
* * * LOW HITPOINT WARNING * * *
😨 HP[-15]
You take 15 damage, and now have 27/59 hp.
MASSIVE DAMAGE!! (PAUSE)
Okay, then.
Okay, then.
Okay, then.
Unknown command.
The orc priest looks braver for a moment. 😨 HP[+1] 😨 HP[+1]
The orc priest stops glowing. 😮 HP[+1] 😮 HP[+1]
The centaur wields a +0 orcbow.
The centaur shoots an arrow.
The arrow hits you.
* * * LOW HITPOINT WARNING * * *
The centaur shoots an arrow.
The arrow completely misses you. 😨 HP[-4]
You take 4 damage, and now have 27/59 hp.
The centaur shoots an arrow.
The arrow closely misses you. 😨 HP[+1]
The centaur shoots an arrow.
The arrow hits you!
* * * LOW HITPOINT WARNING * * *
😨 HP[-9]
You take 9 damage, and now have 19/59 hp.
The centaur is stunned by your conviction and fails to attack.
The orc priest mumbles some strange prayers to Beogh against you.
Beogh smites you!
* * * LOW HITPOINT WARNING * * *
The centaur unwields a +0 orcbow.
The centaur barely misses you.
The centaur kicks you but does no damage.
There is a stone staircase leading up here. 😱 HP[-15]
You take 15 damage, and now have 4/59 hp.
MASSIVE DAMAGE!! (PAUSE) Unknown command.
The orc priest mumbles some strange prayers to Beogh against you.
Beogh smites you!
You die...

Skill      XL: |  1  2  3  4  5  6  7  8 |
---------------+-------------------------+-----
Shapeshifting  | 4 5 7 8 |  8.5
Unarmed Combat | 4 5 6 7 |  7.0
Fighting       | |  1.1
Dodging        | |  1.7

Action                     |  1- 3 |  4- 6 |  7- 9 || total
---------------------------+-------+-------+-------++-------
  Melee: Unarmed           |    89 |   158 |   124 ||   371
         Tailslap          |     5 |    21 |    15 ||    41
         Punch             |     5 |     8 |     5 ||    18
 Invoke: Sacrifice Artific |       |       |     1 ||     1
  Evoke: Wand              |       |       |     4 ||     4
    Use: Scroll            |     3 |     4 |     6 ||    13
   Stab: Sleeping          |     1 |     3 |       ||     4
         Invisible         |       |       |     1 ||     1
 Armour: Skin              |    45 |    24 |    60 ||   129
  Dodge: Dodged            |    47 |    65 |    71 ||   183

Levels and vault maps discovered:
D:1:      dpeg_arrival_brainrot, layout_basic
D:2:      layout_basic, shapermc_ecumenical_altar_pompeii, minmay_tetromino_i2
D:3:      layout_rooms, kennysheep_slug_shrine, serial_shops, shop
D:4:      wad_river_or_something, layout_basic, kennysheep_mini,
          mainiacjoe_overflow_tiny_flanked, lemuel_temple_firewalk_b,
          uniq_crazy_yiuf_cottage
D:5:      layout_rooms, nicolae_gozag_seed_capital, mainiacjoe_overflow_paths,
          nicolae_uskayaw_en_pointe, serial_aquarium,
          aquarium_bridge_island_small [aquarium_subvault_small_open,
          aquarium_subvault_wall, aquarium_subvault_balcony,
          aquarium_subvault_bridge, aquarium_subvault_bridge],
          aquarium_bridge_long_separate [aquarium_subvault_bridge,
          aquarium_subvault_wall, aquarium_subvault_wall,
          aquarium_subvault_bridge, aquarium_subvault_window,
          aquarium_subvault_bridge], aquarium_window_corridor_3,
          aquarium_window_double, aquarium_window_fake, aquarium_window_fake,
          aquarium_view_4, aquarium_view_2c, aquarium_balcony_5a, uniq_duvessa
D:6:      layout_rooms, mainiacjoe_overflow_boulevard, lemuel_tele_altar,
          nicolae_yredelemnul_corpse_copse, uniq_maggie, uniq_pikel,
          uniq_eustachio, uniq_edmund
Temple:   nicolae_temple_ecumenical_triangle

Notes
Turn   | Place    | Note
-------+----------+-------------------------------------------
     0 | D:1      | kae the Draconian Shapeshifter began the quest for the Orb.
     0 | D:1      | Reached XP level 1. HP: 16/16 MP: 1/1
     0 | D:1      | magus.rc [v1.11.3]
   332 | D:1      | Reached XP level 2. HP: 22/23 MP: 2/2
   532 | D:1      | You pick up a book of the Dragon and begin reading...
   532 | D:1      | You add the spells Cause Fear, Fireball and Dragon's Call
                  | to your library.
   988 | D:2      | Reached XP level 3. HP: 18/28 MP: 3/3
  1399 | D:2      | Found a faded altar of an unknown god.
  1438 | D:2      | Reached skill level 4 in Shapeshifting
  1438 | D:2      | Reached XP level 4. HP: 29/35 MP: 4/4
  2135 | D:3      | Found a snail-covered altar of Cheibriados.
  2325 | D:3      | Found Pown's Jewellery Emporium.
  2578 | D:3      | You pick up a book of Touch and begin reading...
  2578 | D:3      | You add the spells Kiss of Death, Confusing Touch and
                  | Dispel Undead to your library.
  2655 | D:4      | Reached skill level 4 in Unarmed Combat
  2742 | D:4      | Reached XP level 5. HP: 38/40 MP: 5/5
  2947 | D:4      | Noticed a phantom
  2960 | D:4      | Killed a phantom
  2961 | D:4      | Reached skill level 5 in Shapeshifting
  2966 | D:4      | Reached XP level 6. HP: 33/47 MP: 6/6
  3219 | D:4      | Found a stormy altar of Qazlal.
  3345 | D:4      | Found a runed translucent door.
  3346 | D:4      | Noticed Crazy Yiuf
  3545 | D:4      | Found an iron altar of Okawaru.
  3560 | D:4      | Reached skill level 5 in Unarmed Combat
  3734 | D:4      | Found a staircase to the Ecumenical Temple.
  4079 | Temple   | Entered the Ecumenical Temple
  4084 | Temple   | Became a worshipper of Ru the Awakened
  4214 | D:5      | Entered Level 5 of the Dungeon
  4216 | D:5      | Noticed Duvessa
  4217 | D:5      | Noticed Dowan
  4225 | D:4      | Your scales start taking on a dull iron-grey colour.
  4225 | D:4      | Reached XP level 7. HP: 35/52 MP: 7/7
  4328 | D:5      | Identified a scroll of acquirement
  4328 | D:5      | Acquired 1065 gold pieces
  4392 | D:5      | Reached skill level 6 in Shapeshifting
  4468 | D:5      | Killed Duvessa
  4551 | D:5      | Killed Dowan
  4553 | D:5      | HP: 11/52 [poisoned by Dowan]
  4557 | D:5      | HP: 5/52 [poisoned by Dowan]
  4561 | D:5      | HP: 2/52 [poisoned by Dowan]
  4829 | D:5      | Noticed a +0 spear
  4829 | D:5      | Noticed a +0 falchion
  4830 | D:5      | Noticed a +0 dagger
  4831 | D:5      | Noticed a +0 dagger
  4831 | D:5      | Noticed a +0 spear
  4832 | D:5      | Noticed a +0 short sword
  4832 | D:5      | Noticed a +0 falchion
  4833 | D:5      | Noticed a +0 short sword
  4896 | D:5      | Found a hide-covered altar of Uskayaw.
  4947 | D:5      | Reached skill level 6 in Unarmed Combat
  4947 | D:5      | Found an opulent altar of Gozag.
  5026 | D:5      | Reached skill level 7 in Shapeshifting
  5104 | D:5      | Reached XP level 8. HP: 23/59 MP: 8/8
  5367 | D:5      | Found a shadowy altar of Dithmenos.
  5741 | D:6      | Noticed Pikel
  5777 | D:6      | Found a basalt altar of Yredelemnul.
  5794 | D:6      | Reached skill level 8 in Shapeshifting
  5827 | D:6      | Reached skill level 7 in Unarmed Combat
  5865 | D:6      | Noticed Maggie
  5900 | D:6      | Gained mutation: You cannot study or use magical devices.
                  | [Ru sacrifice]
  5900 | D:6      | Reached * piety under Ru
  5900 | D:6      | Reached ** piety under Ru
  5961 | D:6      | Noticed Eustachio
  6046 | D:6      | HP: 4/59 [orc priest/divine providence (15)]
  6047 | D:6      | Killed from afar by an orc priest

Vanquished Creatures
  Duvessa (D:5)
  2 ice beasts (D:5)
  4 ogres (D:5)
  2 phantoms
  A bullfrog (D:6)
  A gnoll sergeant (D:5)
  A wyvern zombie (D:6)
  Dowan (D:5)
  4 hounds
  4 bullfrog zombies (D:6)
  A jelly (D:4)
  A gnoll bouda (D:4)
  3 orc priests (D:4)
  2 orc wizards
  A howler monkey zombie (D:6)
  12 gnolls
  8 adders
  An ufetubus (D:5)
  2 dart slugs
  9 orcs
  5 bats
  11 endoplasms
  2 giant cockroaches (D:2)
  8 hobgoblins
  5 jackals
  3 quokkas (D:5)
  7 ball pythons
  4 frilled lizards
  9 goblins
  9 kobolds
  9 rats
133 creatures vanquished.

Vanquished Creatures (others)
  An orc priest (D:4)
  An orc wizard (D:4)
  An orc (D:4)
3 creatures vanquished.

Grand Total: 136 creatures vanquished

Table legend:
 A = Non-vault XP
 B = Vault XP
 C = Vault XP percentage of total XP
 D = Non-vault monster count
 E = Vault monster count
 F = Vault count percentage of total count
                 A         B        C        D         E       F
            +---------+---------+-------+---------+---------+-------
      Total |    1822 |     681 |  27.2 |     112 |      21 |  15.8
            +---------+---------+-------+---------+---------+-------
        D:1 |      28 |       2 |   6.7 |      17 |       1 |   5.6
        D:2 |      74 |       4 |   5.1 |      23 |       2 |   8.0
        D:3 |      34 |       4 |  10.5 |      15 |       1 |   6.2
        D:4 |     431 |     178 |  29.2 |      27 |       9 |  25.0
        D:5 |    1119 |     212 |  15.9 |      26 |       2 |   7.1
        D:6 |     136 |     281 |  67.4 |       4 |       6 |  60.0
            +---------+---------+-------+---------+---------+-------

Skill      XL: |  1  2  3  4  5  6  7  8 |
---------------+-------------------------+-----
Shapeshifting  | 4 5 7 8 |  8.5
Unarmed Combat | 4 5 6 7 |  7.0
Fighting       | |  1.1
Dodging        | |  1.7

Action                     |  1- 3 |  4- 6 |  7- 9 || total
---------------------------+-------+-------+-------++-------
  Melee: Unarmed           |    89 |   158 |   124 ||   371
         Tailslap          |     5 |    21 |    15 ||    41
         Punch             |     5 |     8 |     5 ||    18
 Invoke: Sacrifice Artific |       |       |     1 ||     1
  Evoke: Wand              |       |       |     4 ||     4
    Use: Scroll            |     3 |     4 |     6 ||    13
   Stab: Sleeping          |     1 |     3 |       ||     4
         Invisible         |       |       |     1 ||     1
 Armour: Skin              |    45 |    24 |    60 ||   129
  Dodge: Dodged            |    47 |    65 |    71 ||   183

Illustrated notes

Table legend:
 A = Kills in this place as a percentage of kills in the entire game.
 B = Kills by you in this place as a percentage of kills by you in the entire game.
 C = Kills by friends in this place as a percentage of kills by friends in the entire game.
 D = Other kills in this place as a percentage of other kills in the entire game.
 E = Experience gained in this place as a percentage of experience gained in the entire game.
 F = Experience gained in this place divided by the number of levels of this place that you have seen.
                   A       B       C       D       E      F
               +-------+-------+-------+-------+-------+----------------------
         Total | 100.0 | 100.0 |   N/A |   N/A | 100.0 | 357.6
       Dungeon | 100.0 | 100.0 |   N/A |   N/A | 100.0 | 417.2
               +-------+-------+-------+-------+-------+----------------------

Table legend: (Time is in decaauts)
 A = Elapsed time spent in this place.
 B = Non-inter-level travel time spent in this place.
 C = Inter-level travel time spent in this place.
 D = Time resting spent in this place.
 E = Time spent auto-exploring this place.
 F = Levels seen in this place.
 G = Mean time per level.
                   A        B        C        D        E       F      G
               +--------+--------+--------+--------+--------+-----+--------+
         Total |   6025 |   5632 |    393 |    407 |   4342 |   7 |  860.7 |
       Dungeon |   6014 |   5627 |    387 |    407 |   4342 |   6 | 1002.3 |
        Temple |     10 |      5 |      5 |      0 |      0 |   1 |   10.0 |
               +--------+--------+--------+--------+--------+-----+--------+

Top non-repeatable levels by time:
     D:4: 1706 daAuts
     D:5: 1393 daAuts
     D:2: 1106 daAuts
     D:1: 960 daAuts
     D:3: 578 daAuts
     D:6: 268 daAuts
  Temple: 10 daAuts
